 Dungeon Crawl Stone Soup version 0.28.0-53-g5a82cb258f (webtiles) character file.

Game seed: 5177577841251105917

30 firemarshallily the Slasher (level 3, -6/28 HPs)
             Began as a Demonspawn Gladiator on May 21, 2022.
             Was an Initiate of Gozag.
             Killed from afar by Natasha (7 damage)
             ... with a magic dart
             ... on level 2 of the Dungeon.
             The game lasted 00:02:10 (1008 turns).

firemarshallily the Slasher (Demonspawn Gladiator)  Turns: 1008, Time: 00:02:11

Health: -6/28      AC:  4    Str: 16    XL:     3   Next: 5%
Magic:  3/3        EV: 12    Int:  9    God:    Gozag
Gold:   21         SH:  0    Dex: 16    Spells: 2/2 levels left

rFire   . . .      SeeInvis .   a - +0 long sword
rCold   . . .      Faith    .   (no shield)
rNeg    . . .      Spirit   .   b - +0 leather armour
rPois   +          Reflect  .   c - +0 helmet
rElec   .          Harm     .   (no cloak)
rCorr   .          Rampage  .   (no gloves)
Will    .....                   (no boots)
Stlth   ++........              (no amulet)
HPRegen 0.09/turn               k - ring of poison resistance
MPRegen 0.08/turn               (no ring)

@: gold aura, flying, slowed, very slow
A: thin skeletal structure 1
a: Renounce Religion, Potion Petition, Call Merchant, Bribe Branch


You were on level 2 of the Dungeon.
You worshipped Gozag.
Gozag was noncommittal.
You visited 1 branch of the dungeon, and saw 2 of its levels.

You collected 21 gold pieces.

Inventory:

Hand Weapons
 a - a +0 long sword (weapon)
Missiles
 d - 3 throwing nets (quivered)
 j - 29 stones
Armour
 b - a +0 leather armour (worn)
 c - a +0 helmet (worn)
Jewellery
 k - a ring of poison resistance (left hand)
Scrolls
 f - a scroll of identify {unknown}
 g - a scroll of brand weapon {unknown}
 h - a scroll of blinking {unknown}
Potions
 e - a potion of invisibility {unknown}
 l - a potion of curing {unknown}


   Skills:
 * Level 2.5 Fighting
 * Level 3.0 Long Blades
 + Level 1.9 Throwing
 * Level 1.0 Armour
 + Level 2.9 Dodging


You had 2 spell levels left.
You didn't know any spells.
Your spell library was empty.

Dungeon Overview and Level Annotations

Branches:
Dungeon (2/15)

Altars:
Gozag

Annotations:
D:2 Natasha


Innate Abilities, Weirdness & Mutations

You have a somewhat thin skeletal structure. (Dex +2, Stealth+)


Message History

You hit the endoplasm but do no damage. The endoplasm freezes you.
You are frozen.
You barely miss Natasha.
Natasha stares at you and mumbles some strange words.
You resist with significant effort. The endoplasm hits you.
The crimson imp blinks!
Natasha stares at you and mumbles some strange words.
The magic dart hits you!
You hit the endoplasm.
The endoplasm is heavily wounded.
The endoplasm hits you but does no damage.
Natasha closely misses you.
You closely miss Natasha. The endoplasm closely misses you.
Natasha casts a spell at you.
You feel yourself slow down. The endoplasm freezes you.
You are frozen.
You hit the endoplasm.
You kill the endoplasm!
Natasha closely misses you. The crimson imp hits you.
Natasha closely misses you. The crimson imp hits you.
You barely miss Natasha. Natasha barely misses you. The crimson imp hits you.
Natasha is distracted by your dazzling golden aura.
The crimson imp hits you.
You miss Natasha.
Natasha is no longer distracted by gold.
Natasha claws you.
* * * LOW HITPOINT WARNING * * *
The crimson imp closely misses you. Natasha claws you.
* * * LOW HITPOINT WARNING * * *
The crimson imp hits you.
* * * LOW HITPOINT WARNING * * *
It was a potion of flight.
You feel very buoyant.
You fly up into the air.
Natasha stares at you and mumbles some strange words.
The magic dart hits you!
You die...
Your body crumbles into a pile of gold.

#.......##.......
......#.......##.......
..[..#........#......# .
....####.....#......#
..##......#.....#......#
..........##...##......#
..........##...........#
.......$..##............
..##..h@..##..........##
.......5####..........#
#....r...............†##
#.....................†.
####.................###
.....(..........(......
.......................
#............######.....
.............# #.....


You could see Natasha, a crimson imp (summoned) and a rat.

Vanquished Creatures
  3 dart slugs (D:1)
  2 bats
  2 endoplasms
  2 giant cockroaches (D:1)
  2 goblins
  2 hobgoblins
  4 jackals (D:1)
  2 ball pythons
  A kobold (D:1)
  3 rats
23 creatures vanquished.

Notes
Turn   | Place    | Note
-------+----------+-------------------------------------------
     0 | D:1      | firemarshallily the Demonspawn Gladiator began the quest
                  | for the Orb.
     0 | D:1      | Reached XP level 1. HP: 16/16 MP: 1/1
   109 | D:1      | Gained mutation: You have a somewhat thin skeletal
                  | structure. (Dex +2, Stealth+) [demonic ancestry]
   109 | D:1      | Reached XP level 2. HP: 22/22 MP: 2/2
   239 | D:1      | Reached skill level 3 in Long Blades
   506 | D:1      | Reached skill level 1 in Armour
   930 | D:2      | Found a faded altar of an unknown god.
   937 | D:2      | Reached XP level 3. HP: 25/28 MP: 3/3
   945 | D:2      | Prayed at the altar of an unknown god.
   945 | D:2      | Became a worshipper of Gozag Ym Sagoz the Greedy
   997 | D:2      | Noticed Natasha
  1007 | D:2      | HP: 1/28 [crimson imp[Natasha] (2)]
  1008 | D:2      | Killed from afar by Natasha

Illustrated notes

Levels and vault maps discovered:
D:1:      sevenhm_arrival_forest_fort_small_3, layout_basic
D:2:      wander_river, layout_basic, hellmonk_ecumenical_altar_prayer_group,
          minmay_tromino_mix6, uniq_natasha, uniq_crazy_yiuf_cottage

Skill      XL: |  1  2 |
---------------+-------+-----
Long Blades    | 3 |  3.0
Armour         | 1 |  1.0
Fighting       | |  2.5
Throwing       | |  1.9
Dodging        | |  2.9

Action                   || total
-------------------------++-------
Melee: Long sword        ||    56
       Punch             ||     1
  Use: Potion            ||     1
 Stab: Sleeping          ||     4
Armor: Leather armour    ||    17
Dodge: Dodged            ||    43
